 Dungeon Crawl Stone Soup version 0.31-a0-667-g39726597b9 (webtiles) character file.

Game seed: 7957501187206200984

85 Gelion the Changeling (level 4, -4/29 HPs)
             Began as an Octopode Shapeshifter on Sept 4, 2023.
             Slain by a gnoll
             ... wielding a +0 halberd
              (7 damage)
             ... on level 3 of the Dungeon.
             The game lasted 00:03:24 (1360 turns).

Gelion the Changeling (Octopode Shapeshifter)       Turns: 1360, Time: 00:03:25

Health: -4/29      AC:  1    Str: 13    XL:     4   Next: 48%
Magic:  4/4        EV: 13    Int: 12    God:
Gold:   142        SH:  0    Dex: 13    Spells: 3/3 levels left

rFire   . .          .
                       - Unarmed
rCold   . . .        (no shield)
rNeg    . . .        (helmet currently unavailable)
rPois   .            e - amulet of magic regeneration
rElec   .            (no ring)
rCorr   .            (no ring)
SInv    .            (no ring)
Will    .....        (no ring)
Stlth   ++           (no ring)
HPRegen 0.24/turn    (no ring)
MPRegen 0.49/turn    (no ring)
                     (no ring)

%: no passive effects
@: beast-form
A: beast (slay +2), almost no armour, amphibious, 8 rings, camouflage 1,
gelatinous body 1, (nimble swimmer 1), tentacles
a: Begin Untransformation


You were on level 3 of the Dungeon.
You were a hulking beast.
You visited 1 branch of the dungeon, and saw 3 of its levels.

You collected 142 gold pieces.

Inventory:

Armour
 g - a +1 hat
Jewellery
 e - an amulet of magic regeneration (around mantle)
Talismans
 b - a beast talisman (active)
 c - a flux talisman
Wands
 d - a wand of charming (4)
 k - a wand of polymorph (5)
 n - a wand of mindburst (23)
Scrolls
 h - a scroll of teleportation {unknown}
 i - a scroll of noise {unknown}
Potions
 a - a potion of lignification
 f - 2 potions of heal wounds {unknown}
 j - 2 potions of might
 l - 2 potions of berserk rage {unknown}
 m - a potion of degeneration {unknown}
 o - a potion of curing {unknown}


   Skills:
 + Level 2.1 Fighting
 - Level 2.0 Dodging
 + Level 3.6 Unarmed Combat
 * Level 4.0 Shapeshifting


You had 3 spell levels left.
You didn't know any spells.
Your spell library contained the following spells:

 Spells                   Type           Power      Damage    Failure   Level
 Lesser Beckoning         Tloc           0%         N/A       45%         2
 Gell's Gravitas          Tloc           0%         N/A       69%         3
 Hailstorm                Conj/Ice       0%         3d3       69%         3
 Teleport Other           Tloc           0%         N/A       69%         3
 Summon Ice Beast         Ice/Summ       0%         N/A       97%         4
 Simulacrum               Ice/Necr       0%         N/A       100%        6


Dungeon Overview and Level Annotations

Branches:
Dungeon (3/15)

Altars:
Dithmenos
Sif Muna
Wu Jian


Innate Abilities, Weirdness & Mutations

You are a hulking beast.
Your limbs bulge with bestial killing power. (Slay +2)
You cannot wear most types of armour.
You are amphibious.
You can wear up to eight rings at the same time.
Your skin changes colour to match your surroundings (Stealth+).
Your rubbery body absorbs attacks. (AC +1, EV +1)
((You are camouflaged when in or above water. (Stealth+)))
You have tentacles for arms and can constrict up to eight enemies at once.


Message History

You bludgeon the orc!
You kill the orc!
No target in view!
No target in view!
HP restored.
Items here: ( ))))) [ †.
i - a scroll labelled VAJIFE MATENG A gnoll comes into view.
It is wielding a +0 halberd.
The gnoll moves out of view.
A gnoll comes into view. It is wielding a +0 spear.
A gnoll is nearby!
A gnoll is nearby!
A gnoll comes into view. It is wielding a +0 spear.
Found a scroll labelled QAULAIFOMOD.
A hobgoblin and a gnoll come into view.
The gnoll shouts! x3; You hear a shout!
The hobgoblin moves out of view.
The hobgoblin shouts!
The gnoll hits you from afar with a +0 spear.
The gnoll hits you but does no damage.
The gnoll hits you from afar with a +0 spear!
You tentacle-slap the gnoll. You grab the gnoll.
The gnoll is moderately wounded.
You constrict the gnoll. The gnoll hits you with a +0 spear.
The gnoll hits you from afar with a +0 spear.
You tentacle-slap the gnoll.
The gnoll is severely wounded.
You constrict the gnoll. The gnoll hits you with a +0 spear.
* * * LOW HITPOINT WARNING * * *
The gnoll misses you.
You tentacle-slap the gnoll.
You kill the gnoll!
The gnoll closely misses you. The gnoll barely misses you.
The gnoll hits you with a +0 spear.
* * * LOW HITPOINT WARNING * * *
Things that are here:
a +0 spear; a gnoll corpse You closely miss the gnoll.
Your grab misses the gnoll.
The gnoll hits you from afar with a +0 halberd!
You die...

#.#....##.........# ..
._......#.###.....# ..
#.#....)..........# g# ###
........#####†....# ###.#....
...).......##)....# #?.......
........##...###### #...#....
........####..# ####........
.......######.####g.....#....
#...............hggg....# .
..............#######...#
############### #...# #...#
#####


You could see 3 gnolls and a hobgoblin.

Vanquished Creatures
  A gnoll (D:3)
  2 adders
  A dart slug (D:2)
  5 orcs (D:3)
  5 bats (D:1)
  5 endoplasms
  3 giant cockroaches
  4 hobgoblins
  3 quokkas
  4 ball pythons
  3 frilled lizards
  6 goblins
  3 kobolds
  4 rats
49 creatures vanquished.

Notes
Turn   | Place    | Note
-------+----------+-------------------------------------------
     0 | D:1      | Gelion the Octopode Shapeshifter began the quest for the
                  | Orb.
     0 | D:1      | Reached XP level 1. HP: 13/13 MP: 1/1
     4 | D:1      | Found a shimmering blue altar of Sif Muna.
    17 | D:1      | Reached XP level 2. HP: 17/18 MP: 2/2
   330 | D:1      | Reached XP level 3. HP: 21/23 MP: 3/3
   834 | D:2      | Found a faded altar of an unknown god.
  1071 | D:2      | Found a shadowy altar of Dithmenos.
  1239 | D:3      | Found an ornate altar of the Wu Jian Council.
  1286 | D:3      | Reached XP level 4. HP: 26/29 MP: 4/4
  1295 | D:3      | Reached skill level 4 in Shapeshifting
  1360 | D:3      | Slain by a gnoll

Illustrated notes

Levels and vault maps discovered:
D:1:      lightli_iron_boxes, layout_loops_ring, minmay_hexomino_r4
D:2:      layout_rooms, ebering_ecumenical_altar_hall, basic_altar,
          nrook_loot_triangle
D:3:      layout_rooms, lemuel_crystal_altar

Skill      XL: |  1  2  3  4 |
---------------+-------------+-----
Fighting       | 2 |  2.1
Shapeshifting  | 4 |  4.0
Dodging        | |  2.0
Unarmed Combat | |  3.6

Action                     |  1- 3 |  4- 6 || total
---------------------------+-------+-------++-------
  Melee: Unarmed           |    75 |    13 ||    88
         Tentacles         |    16 |     3 ||    19
         Constrict         |    18 |     4 ||    22
         Punch             |     2 |       ||     2
    Use: Scroll            |     3 |       ||     3
   Stab: Sleeping          |     6 |       ||     6
 Armour: Skin              |    24 |    11 ||    35
  Dodge: Dodged            |    35 |     5 ||    40

Table legend: (Time is in decaauts)
 A = Elapsed time spent in this place.
 B = Non-inter-level travel time spent in this place.
 C = Inter-level travel time spent in this place.
 D = Time resting spent in this place.
 E = Time spent auto-exploring this place.
 F = Levels seen in this place.
 G = Mean time per level.
                   A        B        C        D        E       F      G
               +--------+--------+--------+--------+--------+-----+--------+
         Total |   1353 |   1292 |     61 |     30 |    986 |   3 |  451.0 |
       Dungeon |   1353 |   1292 |     61 |     30 |    986 |   3 |  451.0 |
               +--------+--------+--------+--------+--------+-----+--------+

Top non-repeatable levels by time:
     D:1: 709 daAuts
     D:2: 480 daAuts
     D:3: 164 daAuts
